 Dungeon Crawl Stone Soup version 0.25-a0-705-ge9988fc0fb (webtiles) character file.

Game seed: 12864680550885352432, levelgen mode: deterministic

2084 Anathary the Cleaver (level 9, -8/70 HPs)
             Began as a Minotaur Fighter on Apr 4, 2020.
             Was a Follower of Cheibriados.
             Mangled by a hornet zombie (9 damage)
             ... on level 7 of the Dungeon.
             The game lasted 00:22:43 (6987 turns).

Anathary the Cleaver (Minotaur Fighter)             Turns: 6987, Time: 00:22:44

Health: -8/70      AC:  6    Str: 28    XL:     9   Next: 6%
Magic:  8/8        EV:  8    Int:  8    God:    Cheibriados [*.....]
Gold:   419        SH: 10    Dex: 14    Spells: 8/8 levels left

rFire    . . .     SeeInvis .   t - +9 war axe "Voseh" {vorpal, rPois rC+ Str+2}
rCold    + . .     Gourm    .   c - +0 kite shield
rNeg     . . .     Faith    .   b - +0 scale mail
rPois    +         Spirit   .   (helmet restricted)
rElec    .         Reflect  .   (no cloak)
rCorr    .         Harm     .   (no gloves)
MR       .....                  (no boots)
Stlth    ..........             (no amulet)
HPRegen  0.21/turn              (no ring)
MPRegen  0.11/turn              (no ring)

@: very slow
A: retaliatory headbutt, horns 2
a: Bend Time, Renounce Religion


You were on level 7 of the Dungeon.
You worshipped Cheibriados.
Cheibriados was aware of your devotion.
You were not hungry.

You visited 2 branches of the dungeon, and saw 8 of its levels.
You also visited: Sewer.

You collected 419 gold pieces.

Inventory:

Hand Weapons
 a - a +0 long sword
 t - the +9 war axe "Voseh" (weapon) {vorpal, rPois rC+ Str+2}
   (You found it on level 4 of the Dungeon)

   It inflicts extra damage upon your enemies.
   It affects your strength (+2).
   It protects you from cold.
   It protects you from poison.
Armour
 b - a +0 scale mail (worn)
 c - a +0 kite shield (worn)
Jewellery
 h - an uncursed ring of fire
 l - an uncursed amulet of the acrobat
 u - a cursed ring of protection from cold
 A - an uncursed ring of fire
Wands
 j - a wand of paralysis (4)
 m - a wand of random effects (19)
 x - a wand of iceblast (8)
Scrolls
 e - 4 scrolls of teleportation
 f - 3 scrolls of magic mapping {unknown}
 k - a scroll of enchant weapon {unknown}
 p - a scroll of enchant armour {unknown}
 q - 4 scrolls of remove curse {unknown}
 y - 2 scrolls of blinking {unknown}
 z - a scroll of identify
 B - a scroll of fear {unknown}
Potions
 d - 3 potions of might
 g - a potion of berserk rage
 i - 3 potions of curing
 o - a potion of flight
 r - a potion of resistance
 s - a potion of stabbing
 v - 2 potions of magic
 w - 2 potions of haste {unknown}
 C - a potion of invisibility {unknown}
Comestibles
 n - 3 rations


   Skills:
 - Level 3.6 Fighting
 - Level 8.7 Long Blades
 * Level 11.1 Axes
 - Level 3.6 Armour
 - Level 1.6 Dodging
 - Level 3.6 Shields


You had 8 spell levels left.
You didn't know any spells.
Your spell library was empty.

Dungeon Overview and Level Annotations

Branches:
Dungeon (7/15)             Temple (1/1) D:4           Sewer (visited)

Altars:
Ashenzari
Cheibriados
Dithmenos
Elyvilon
Fedhas
Gozag
Hepliaklqana
Kikubaaqudgha
Makhleb
Nemelex Xobeh
Okawaru
Qazlal
Ru
Trog
Uskayaw
Vehumet
Wu Jian
Xom
Yredelemnul
Zin
The Shining One


Innate Abilities, Weirdness & Mutations

You reflexively headbutt those who attack you in melee.
You have a pair of horns on your head.


Message History

The killer bee barely misses you. You furiously retaliate!
You headbutt the killer bee, but do no damage.
The killer bee barely misses you. You furiously retaliate!
You headbutt the killer bee!
You kill the killer bee!
Cheibriados thoroughly appreciates the change of pace.
f - 3 scrolls labeled IMUINENGAU (gained 1)
You see here 2 arrows.
You start resting.
A hornet zombie comes into view.
The hornet zombie closely misses you. You furiously retaliate!
You headbutt the hornet zombie! You barely miss the hornet zombie.
Your headbutt misses the hornet zombie.
The hornet zombie is lightly damaged.
The hornet zombie hits you!
* * * LOW HITPOINT WARNING * * *
You slash the hornet zombie! You headbutt the hornet zombie.
The hornet zombie is heavily damaged.
The hornet zombie hits you!
You die...

...........##########.
.......................
.................$.....
.[.............)†...#
...........(.(.....##
..........(.....^.##
.........(........#
..................#
..........@Z......#
...........<.....##
.................#
.................##
.##...............#
###########.....##.
####..........
####.............
.......<......###


You could see a hornet zombie.

Vanquished Creatures
  A water moccasin (D:6)
  An ice beast (D:5)
  2 phantoms
  An ogre (D:6)
  2 centaurs
  3 bullfrogs
  2 big kobolds (Sewer)
  3 scorpions
  5 killer bees (D:7)
  2 crimson imps
  A jelly (D:6)
  A bullfrog skeleton (D:7)
  2 hounds
  3 orc wizards
  2 orc priests (D:4)
  An iguana (D:6)
  A worker ant (D:6)
  A hound skeleton (D:6)
  7 gnolls
  A worker ant zombie (D:3)
  14 adders
  A river rat (Sewer)
  3 oozes
  2 adder zombies (D:7)
  6 worms
  2 dart slugs (D:2)
  6 leopard geckos
  11 orcs
  5 bats
  4 giant cockroaches
  12 goblins
  14 hobgoblins
  4 jackals
  4 quokkas
  7 ball pythons
  3 frilled lizards
  17 kobolds
  A quokka skeleton (D:4)
  10 rats
168 creatures vanquished.

Notes
Turn   | Place    | Note
-------+----------+-------------------------------------------
     0 | D:1      | Anathary the Minotaur Fighter began the quest for the Orb.
     0 | D:1      | Reached XP level 1. HP: 19/19 MP: 0/0
     2 | D:1      | Noticed an elf
     2 | D:1      | Noticed a formicid
     4 | D:1      | Noticed a troll
     6 | D:1      | Noticed an octopode
     6 | D:1      | Noticed a minotaur
     8 | D:1      | Noticed a felid
     8 | D:1      | Noticed a centaur
    10 | D:1      | Noticed a demigod
    10 | D:1      | Noticed a draconian
    12 | D:1      | Noticed a spriggan
    14 | D:1      | Noticed a dwarf
    14 | D:1      | Noticed a human
    16 | D:1      | Noticed a tengu
    16 | D:1      | Noticed a gargoyle
    18 | D:1      | Noticed a vine stalker
    18 | D:1      | Noticed a merfolk
    20 | D:1      | Noticed an ogre
    22 | D:1      | Noticed a ghoul
    24 | D:1      | Noticed a halfling
    24 | D:1      | Noticed a vampire
    26 | D:1      | Noticed a demonspawn
    26 | D:1      | Noticed a naga
   184 | D:1      | Reached XP level 2. HP: 26/26 MP: 1/1
   478 | D:1      | Found a glowing golden altar of the Shining One.
   553 | D:1      | Reached skill level 1 in Dodging
   932 | D:2      | Reached XP level 3. HP: 23/31 MP: 2/2
  1816 | D:2      | Reached XP level 4. HP: 36/39 MP: 3/3
  2121 | D:3      | Reached skill level 5 in Long Blades
  2129 | D:3      | Noticed a bullfrog
  2138 | D:3      | Killed a bullfrog
  2138 | D:3      | Reached XP level 5. HP: 35/45 MP: 4/4
  3850 | D:4      | Reached XP level 6. HP: 51/51 MP: 5/5
  3914 | D:4      | Got an ancient war axe
  3915 | D:4      | Identified the +9 war axe "Voseh" {vorpal, rPois rC+ Str+2}
                  | (You found it on level 4 of the Dungeon)
  4168 | D:4      | Found a staircase to the Ecumenical Temple.
  4173 | D:4      | Reached skill level 1 in Axes
  4205 | D:4      | Reached skill level 2 in Axes
  4205 | D:4      | Reached XP level 7. HP: 39/57 MP: 6/6
  4234 | D:4      | Reached skill level 3 in Axes
  4362 | D:4      | Found a glowing drain.
  4367 | Sewer    | Entered a sewer
  4562 | Sewer    | Reached skill level 4 in Axes
  4680 | Sewer    | Reached skill level 5 in Axes
  5133 | Temple   | Entered the Ecumenical Temple
  5175 | Temple   | Became a worshipper of Cheibriados the Contemplative
  5224 | D:5      | Entered Level 5 of the Dungeon
  5305 | D:5      | Reached skill level 6 in Axes
  5633 | D:5      | Reached skill level 7 in Axes
  5633 | D:5      | Reached XP level 8. HP: 38/64 MP: 7/7
  5798 | D:5      | Found a stormy altar of Qazlal.
  6470 | D:6      | Reached * piety under Cheibriados
  6502 | D:6      | Reached skill level 8 in Axes
  6551 | D:6      | Reached skill level 9 in Axes
  6735 | D:6      | Reached skill level 10 in Axes
  6972 | D:7      | Reached XP level 9. HP: 11/70 MP: 8/8
  6973 | D:7      | Reached skill level 11 in Axes
  6986 | D:7      | HP: 1/70 [hornet zombie (7)]
  6987 | D:7      | Mangled by a hornet zombie

Levels and vault maps discovered:
D:1:      kb_arrival_jail, layout_basic, tso_metal_star
D:2:      layout_basic, minmay_misc_feat_chi
D:3:      layout_basic, chequers_serial_rivers_room_a, guppyfry_early_orc_mine
D:4:      layout_loops_ring, minmay_temple_entry_proselytizer, first_ration,
          portal_sewer_entry_e
D:5:      layout_layer_cave, grunt_qazlal_clouds
D:6:      layout_gridville, kb_rosetta
D:7:      wad_river_or_something, layout_layer_cave
Temple:   nicolae_temple_the_god_donut

Skill      XL: |  1  2  3  4  5  6  7  8  9 |
---------------+----------------------------+-----
Long Blades    | 3 4 6 7 8 |  8.7
Dodging        | 1 |  1.6
Axes           | 2 7 10 11 | 11.1
Fighting       | |  3.6
Armour         | |  3.6
Shields        | |  3.6

Action                   |  1- 3 |  4- 6 |  7- 9 || total
-------------------------+-------+-------+-------++-------
Melee: Long sword        |   106 |   127 |       ||   233
       Headbutt          |    12 |    28 |    13 ||    53
       War axe           |       |     9 |   141 ||   150
  Use: Scroll            |       |    10 |     4 ||    14
       Potion            |       |       |     1 ||     1
  Eat: Ration            |     1 |     2 |     3 ||     6
       Chunk             |       |     1 |     1 ||     2
Armor: Scale mail        |    57 |    58 |    39 ||   154
Dodge: Dodged            |    35 |    45 |    35 ||   115
Block: Kite shield       |    52 |    80 |    78 ||   210
       Rpst.: Long sword |    12 |     8 |       ||    20

Table legend:
 A = Non-vault XP
 B = Vault XP
 C = Vault XP percentage of total XP
 D = Non-vault monster count
 E = Vault monster count
 F = Vault count percentage of total count
                 A         B        C        D         E       F
            +---------+---------+-------+---------+---------+-------
      Total |    2443 |     535 |  18.0 |     134 |      34 |  20.2
            +---------+---------+-------+---------+---------+-------
        D:1 |      32 |       0 |   0.0 |      20 |       0 |   0.0
        D:2 |      76 |       0 |   0.0 |      25 |       0 |   0.0
        D:3 |     227 |      17 |   7.0 |      34 |       7 |  17.1
        D:4 |     465 |      41 |   8.1 |      19 |       1 |   5.0
        D:5 |     409 |       0 |   0.0 |      14 |       0 |   0.0
        D:6 |     681 |     173 |  20.3 |      12 |       4 |  25.0
        D:7 |     553 |       0 |   0.0 |      10 |       0 |   0.0
      Sewer |       0 |     304 | 100.0 |       0 |      22 | 100.0
            +---------+---------+-------+---------+---------+-------
